 Dungeon Crawl Stone Soup version 0.22-a0-845-g8bfc27d406 (webtiles) character file.

588 LLavrengius the Changer (level 7, -18/59 HPs)
             Began as a Yellow Draconian Transmuter on July 26, 2018.
             Demolished by Menkaure (25 damage)
             ... on level 4 of the Dungeon.
             The game lasted 00:31:44 (4667 turns).

LLavrengius the Changer (DrTm)                      Turns: 4667, Time: 00:31:45

Health: -18/59     AC: 10    Str: 13    XL:     7   Next: 15%
Magic:  2/10       EV: 12    Int: 15    God:
Gold:   194        SH:  0    Dex: 11    Spells: 7/10 levels left

rFire    . . .     SeeInvis .   z - +0 falchion
rCold    . . .     Gourm    +   (no shield)
rNeg     . . .     Faith    .   (armour unavailable)
rPois    .         Spirit   .   (helmet restricted)
rElec    .         Reflect  .   (no cloak)
rCorr    +         Harm     .   (no gloves)
MR       .....                  m - +0 pair of boots
Stlth    +.........             f - amulet of the gourmand (curse)
HPRegen  0.19/turn              v - +3 ring of protection
MPRegen  0.12/turn              (no ring)

@: no status effects
A: spit acid, acid resistance, unfitting armour, cold-blooded, AC +6
a: Breathe Acid


You were on level 4 of the Dungeon.
You were not hungry.

You visited 2 branches of the dungeon, and saw 6 of its levels.

You collected 194 gold pieces.

Inventory:

Hand Weapons
 w - a cursed +0 mace
 z - a +0 falchion (weapon)
Missiles
 e - 16 tomahawks (quivered)
 h - 126 stones
 j - 15 sling bullets
 n - an arrow
Armour
 m - a +0 pair of boots (worn)
Jewellery
 f - a cursed amulet of the gourmand (around neck)
 v - a +3 ring of protection (left hand)
Wands
 p - a wand of polymorph (15)
Scrolls
 b - 3 scrolls of magic mapping {unknown}
 d - 7 scrolls of identify
 i - a scroll of blinking {unknown}
 k - a scroll of teleportation {unknown}
 l - 2 scrolls of noise {unknown}
 t - a scroll of remove curse {unknown}
 u - a scroll of enchant armour {unknown}
 y - a scroll of fear {unknown}
Potions
 a - a potion of cancellation {unknown}
 g - a potion of might {unknown}
 o - a potion of degeneration {unknown}
 q - a potion of curing {unknown}
 r - a potion of heal wounds {unknown}
 s - a potion of brilliance {unknown}
Comestibles
 c - 11 rations


   Skills:
 + Level 4.2 Fighting
 - Level 2.0 Dodging
 + Level 5.0 Unarmed Combat
 - Level 2.0 Spellcasting
 * Level 5.4 Transmutations


You had 7 spell levels left.
You knew the following spells:

 Your Spells              Type           Power        Failure   Level  Hunger
a - Beastly Appendage     Tmut           ###...       2%          1    #......
b - Sticks to Snakes      Tmut           ###.....     3%          2    ###....

Your spell library contained the following spells:

 Spells                   Type           Power        Failure   Level  Hunger
 Confuse                  Hex            #.......     54%         3    ###....
 Spider Form              Tmut/Pois      #.........   22%         3    ###....
 Blade Hands              Tmut           ###.......   54%         5    ######.
 Ice Form                 Ice/Tmut       #.......     58%         4    #####..
 Confusing Touch          Hex            #.....       22%         1    #......
 Metabolic Englaciation   Hex/Ice        #.........   99%         5    ######.
 Petrify                  Tmut/Erth      #.......     58%         4    #####..
 Gell's Gravitas          Tloc           #.........   54%         3    ###....
 Yara's Violent Unravell  Hex/Tmut       #.........   90%         5    ######.


Dungeon Overview and Level Annotations

Branches:
Dungeon (5/15)             Temple (1/1) D:4

Altars:
Ashenzari
Cheibriados
Dithmenos
Fedhas
Gozag
Hepliaklqana
Kikubaaqudgha
Nemelex Xobeh
Sif Muna
Trog
Uskayaw
Xom
Zin
The Shining One

Shops:
D:4 *(

Annotations:
D:4 Menkaure


Innate Abilities, Weirdness & Mutations

You can spit globs of acid.
You are resistant to acid.
Your golden yellow scales are hard. (AC +6)
You cannot fit into any form of body armour.
You are cold-blooded and may be slowed by cold attacks.


Message History

You struggle to resist.
Your ball python bites the gnoll.
Your ball python constricts the gnoll.
The gnoll struggles to escape constriction.
Your ball python bites the gnoll.
You climb upwards.
There is a stone staircase leading down here.
Casting: Sticks to Snakes (safe; 3% risk of failure)
Confirm with . or Enter, or press ? or * to list all spells.
You create a snake!
You now have 2 arrows.
Menkaure barely misses you.
Menkaure calls on the powers of darkness!
Your body is wracked with pain!
* * * LOW HITPOINT WARNING * * *
Menkaure murmurs in an indecipherable tongue.
You swap places.
Menkaure hits your ball python!
Your ball python dies!
Okay, then.
Casting: Sticks to Snakes (safe; 3% risk of failure)
Confirm with . or Enter, or press ? or * to list all spells.
You create a snake!
You now have 1 arrow.
Menkaure hits you!!
You die...

..#......................>......#
..#..#..........................#
###..#.........................##
##...#........>..#.#...........##
.#.#.#.........#.......#####....#
...#...........##......## ###..#
........................# ##.#
#..............M#.#.....#######..
#.#..#.)......S.@................
......................#.#.....##.
..#..#......#...#.........###..#.
.....##.....#.⌠.#........## #....
...#.###..###...###.......# #>...
.....###...............#..#####.♣
...........⌠..>..⌠.....##.#...#..
..######............<..##.'.∩.'..
...# #..###...###....####...#.)


You could see Menkaure and a friendly ball python.

Vanquished Creatures
  A water moccasin (D:4)
  A phantom (D:4)
  A bullfrog (D:4)
  A scorpion (D:4)
  An orc priest (D:3)
  An orc wizard (D:4)
  Ijyb (D:3)
  A worker ant (D:4)
  A hound skeleton (D:4)
  4 adders
  4 gnolls (D:4)
  A howler monkey skeleton (D:4)
  4 worms
  4 dart slugs
  2 leopard geckos
  7 orcs
  5 giant cockroaches
  8 goblins
  3 hobgoblins
  4 jackals
  2 quokkas
  2 ball pythons
  7 bats
  3 frilled lizards
  9 kobolds
  4 rats
82 creatures vanquished.

Vanquished Creatures (collateral kills)
  2 worker ants (D:4)
  A hound zombie (D:5)
  2 adders (D:4)
  3 orcs
  A quokka skeleton (D:4)
9 creatures vanquished.

Grand Total: 91 creatures vanquished

Notes
Turn   | Place    | Note
-------+----------+-------------------------------------------
     0 | D:1      | LLavrengius the Draconian Transmuter began the quest for the Orb.
     0 | D:1      | Reached XP level 1. HP: 16/16 MP: 3/3
   245 | D:1      | Reached XP level 2. HP: 3/23 MP: 5/5
  1617 | D:2      | Reached XP level 3. HP: 28/28 MP: 4/6
  1621 | D:2      | Learned a level 2 spell: Sticks to Snakes
  1987 | D:3      | Noticed Ijyb
  2004 | D:3      | Killed Ijyb
  2004 | D:3      | Reached XP level 4. HP: 25/36 MP: 7/7
  2530 | D:3      | Reached XP level 5. HP: 28/44 MP: 8/8
  3235 | D:4      | Found Daasku Haxi's Antique Weapon Shop.
  3499 | D:4      | Found a staircase to the Ecumenical Temple.
  3506 | D:4      | Noticed a phantom
  3511 | D:4      | Reached XP level 6. HP: 45/51 MP: 2/9
  3562 | Temple   | Entered the Ecumenical Temple
  4111 | D:4      | Found a shadowy altar of Dithmenos.
  4118 | D:4      | Reached skill level 5 in Transmutations
  4172 | D:4      | Found Bygudgh's Serpentskin Sales.
  4172 | D:4      | Noticed a water moccasin
  4189 | D:4      | Killed a water moccasin
  4189 | D:4      | Reached skill level 5 in Unarmed Combat
  4189 | D:4      | Your scales start taking on a golden yellow colour.
  4189 | D:4      | Reached XP level 7. HP: 31/59 MP: 1/10
  4526 | D:5      | Entered Level 5 of the Dungeon
  4528 | D:5      | Noticed Menkaure
  4667 | D:4      | Demolished by Menkaure

Vault maps used:
D:1:      saegor_arrival_simple_d
D:2:      minmay_misc_feat_four_crosses
D:3:      serial_bayou_pond_c, uniq_ijyb
D:4:      nicolae_dithmenos_the_darkroom, minmay_temple_entry_junction_2,
          serial_shops, nicolae_shop_trees, first_ration,
          minmay_misc_feat_plants, guppyfry_shop_venom
D:5:      chequers_temple_overflow_minitemple,
          yredelemnul_forgotten_temple_becter, uniq_menkaure
Temple:   nicolae_temple_figure_eight

Skill      XL: |  1  2  3  4  5  6 |
---------------+-------------------+-----
Dodging        | 2 |  2.0
Fighting       | 2 3 4 |  4.2
Transmutations | 3 4 5 |  5.4
Unarmed Combat | 4 5 |  5.0
Spellcasting   | |  2.0

Action                   |  1- 3 |  4- 6 |  7- 9 || total
-------------------------+-------+-------+-------++-------
Melee: Unarmed           |   115 |   157 |       ||   272
       Tailslap          |    15 |    18 |     3 ||    36
       Kick              |     4 |       |       ||     4
       Headbutt          |    14 |    15 |     3 ||    32
       Punch             |     2 |     3 |       ||     5
       Falchion          |       |    23 |    11 ||    34
Throw: Tomahawk          |       |       |     1 ||     1
 Cast: Beastly Appendage |    18 |    19 |     1 ||    38
       Sticks to Snakes  |       |    22 |     6 ||    28
  Use: Scroll            |       |       |     2 ||     2
 Stab: Sleeping          |       |     2 |       ||     2
  Eat: Chunk             |     4 |     6 |     4 ||    14
       Ration            |       |     1 |       ||     1
Armor: Skin              |    31 |    63 |     4 ||    98
Dodge: Dodged            |    80 |   115 |     9 ||   204
       Rpst.: Falchion   |       |     8 |     1 ||     9

Table legend:
 A = Spawn XP
 B = Non-spawn XP
 C = Spawn XP percentage of total XP
 D = Spawn monster count
 E = Non-spawn monster count
 F = Spawn count percentage of total count
 G = Total turns spent on level
                    A         B        C        D         E        F      G
               +---------+---------+-------+---------+---------+-------+---------
         Total |       0 |     841 |   0.0 |       0 |      91 |   0.0 |  4667
               +---------+---------+-------+---------+---------+-------+---------
           D:1 |       0 |      17 |   0.0 |       0 |       8 |   0.0 |   833
           D:2 |       0 |      41 |   0.0 |       0 |      20 |   0.0 |  1118
           D:3 |       0 |     152 |   0.0 |       0 |      29 |   0.0 |  1063
           D:4 |       0 |     609 |   0.0 |       0 |      32 |   0.0 |  1205
           D:5 |       0 |      22 |   0.0 |       0 |       2 |   0.0 |    35
               +---------+---------+-------+---------+---------+-------+---------
